 Dungeon Crawl Stone Soup version 0.26-a0-651-gb41185065b (webtiles) character file.

Game seed: 239450640416191423

151 tof the Ducker (level 5, -1/41 HPs)
             Began as a Demonspawn Gladiator on Sept 30, 2020.
             Was an Initiate of Ru.
             Slain by Grinder (4 damage)
             ... while paralysed by Grinder
             ... on level 3 of the Dungeon.
             The game lasted 00:03:43 (2646 turns).

tof the Ducker (Demonspawn Gladiator)               Turns: 2646, Time: 00:03:44

Health: -1/41      AC:  6    Str: 14    XL:     5   Next: 11%
Magic:  5/5        EV:  2    Int:  9    God:    Ru [......]
Gold:   91         SH:  0    Dex: 16    Spells: 4/4 levels left

rFire    + . .     SeeInvis .   a - +0 quarterstaff
rCold    . . .     Faith    .   (shield currently unavailable)
rNeg     . . .     Spirit   .   b - +0 leather armour
rPois    .         Reflect  .   (helmet restricted)
rElec    .         Harm     .   (no cloak)
rCorr    .         Rampage  .   (no gloves)
MR       .....                  (no boots)
Stlth    +.........             (no amulet)
HPRegen  0.13/turn              o - ring of protection from fire
MPRegen  0.09/turn              (no ring)

@: paralysed
A: horns 1, molten scales 2
a: Renounce Religion


You were on level 3 of the Dungeon.
You worshipped Ru.
Ru was noncommittal.
You visited 1 branch of the dungeon, and saw 3 of its levels.

You collected 91 gold pieces.

Inventory:

Hand Weapons
 a - a +0 quarterstaff (weapon)
Missiles
 d - 3 throwing nets (quivered)
 g - 14 poisoned darts
 h - 8 javelins
Armour
 b - a +0 leather armour (worn)
 c - a +0 helmet
Jewellery
 o - a ring of protection from fire (left hand)
Wands
 k - a wand of paralysis (7)
Scrolls
 e - a scroll of teleportation {unknown}
 f - 4 scrolls of enchant armour {unknown}
 j - 4 scrolls of identify {unknown}
 m - a scroll of immolation {unknown}
 n - a scroll of magic mapping {unknown}
Potions
 i - a potion of heal wounds {unknown}
 l - a potion of stabbing {unknown}


   Skills:
 + Level 3.4 Fighting
 + Level 3.7 Staves
 - Level 1.7 Throwing
 + Level 3.8 Dodging


You had 4 spell levels left.
You didn't know any spells.
Your spell library was empty.

Dungeon Overview and Level Annotations

Branches:
Dungeon (3/15)

Altars:
Fedhas
Ru
Sif Muna

Annotations:
D:3 Grinder


Innate Abilities, Weirdness & Mutations

You have a pair of small horns on your head.
You are mostly covered in molten scales. (AC +3)


Message History

You barely resist. You thump Grinder!
Grinder is severely wounded.
Grinder gestures at you.
You suddenly lose the ability to move!
Grinder blinks!
Grinder gestures at you.
You shrug off the repeated paralysis!
Grinder gestures at you.
You shrug off the repeated paralysis!
Grinder gestures at you.
You shrug off the repeated paralysis!
You can move again.
Grinder blinks!
Grinder gestures at you.
You suddenly lose the ability to move!
Grinder hits you!
* * * LOW HITPOINT WARNING * * *
You writhe in agony.
You die...

##.#### #...# #.# ..
##.########.#.#####'###
##............##......#.
##.########...##......'.
##.# #...##......# ##.#
##..##......# ##.####
#..##......# ......#
#.......<..##
......######...5@.......
................#######.
....................
....................
......######+###.....
##+#### ..... .....#
..... ###### .. .# #.#


You could see Grinder.

Vanquished Creatures
  A bullfrog zombie (D:2)
  7 adders
  A dart slug (D:1)
  2 leopard geckos
  An orc (D:3)
  2 ball pythons
  2 giant cockroaches
  7 goblins
  7 hobgoblins
  3 jackals (D:1)
  3 kobolds
  A quokka (D:2)
  9 bats
  2 frilled lizards
  6 rats
54 creatures vanquished.

Notes
Turn   | Place    | Note
-------+----------+-------------------------------------------
     0 | D:1      | tof the Demonspawn Gladiator began the quest for the Orb.
     0 | D:1      | Reached XP level 1. HP: 16/16 MP: 1/1
   103 | D:1      | Gained mutation: You have a pair of small horns on your
                  | head. [demonic ancestry]
   103 | D:1      | Reached XP level 2. HP: 14/22 MP: 2/2
   994 | D:2      | Gained mutation: You are partially covered in molten
                  | scales. (AC +2) [demonic ancestry]
   994 | D:2      | Reached XP level 3. HP: 28/28 MP: 3/3
  1023 | D:2      | Found a blossoming altar of Fedhas.
  1252 | D:2      | Found a shimmering blue altar of Sif Muna.
  1328 | D:2      | Reached XP level 4. HP: 34/34 MP: 4/4
  1969 | D:2      | Found a sacrificial altar of Ru.
  1977 | D:2      | Became a worshipper of Ru the Awakened
  2328 | D:3      | Gained mutation: You are mostly covered in molten scales.
                  | (AC +3) [demonic ancestry]
  2328 | D:3      | Reached XP level 5. HP: 24/41 MP: 5/5
  2624 | D:3      | Noticed Grinder
  2634 | D:3      | Paralysed by Grinder for 6 turns
  2643 | D:3      | Paralysed by Grinder for 4 turns
  2646 | D:3      | Slain by Grinder

Illustrated notes

Levels and vault maps discovered:
D:1:      saegor_arrival_under_anarchy, layout_basic
D:2:      layout_loops_cross, marbit_many_paths, led_sif_pool,
          nicolae_ru_path_of_blood
D:3:      layout_basic, uniq_grinder

Skill      XL: |  1  2  3  4 |
---------------+-------------+-----
Dodging        | 3 |  3.8
Staves         | 3 |  3.7
Fighting       | 3 |  3.4
Throwing       | |  1.7

Action                   |  1- 3 |  4- 6 || total
-------------------------+-------+-------++-------
Melee: Quarterstaff      |    90 |    80 ||   170
       Headbutt          |     8 |    11 ||    19
 Stab: Sleeping          |     1 |     2 ||     3
Armor: Leather armour    |    49 |    33 ||    82
Dodge: Dodged            |    90 |    84 ||   174

Table legend: (Time is in decaauts)
 A = Elapsed time spent in this place.
 B = Non-inter-level travel time spent in this place.
 C = Inter-level travel time spent in this place.
 D = Time resting spent in this place.
 E = Time spent auto-exploring this place.
 F = Levels seen in this place.
 G = Mean time per level.
                   A        B        C        D        E       F      G
               +--------+--------+--------+--------+--------+-----+--------+
         Total |   2670 |   2627 |     43 |    903 |   1241 |   3 |  890.0 |
       Dungeon |   2670 |   2627 |     43 |    903 |   1241 |   3 |  890.0 |
               +--------+--------+--------+--------+--------+-----+--------+

Top non-repeatable levels by time:
     D:2: 1220 daAuts
     D:1: 946 daAuts
     D:3: 503 daAuts
